 Dungeon Crawl Stone Soup version 0.31-a0-691-g409c26aa35 (webtiles) character file.

Game seed: 1230827379525123881

312 senseless the Ruffian (level 6, 0/59 HPs)
             Began as a Troll Shapeshifter on Sept 6, 2023.
             Was an Initiate of Wu Jian.
             Slain by a gnoll
             ... wielding a +0 spear
              (5 damage)
             ... on level 3 of the Dungeon.
             The game lasted 00:04:20 (1777 turns).

senseless the Ruffian (Troll Shapeshifter)          Turns: 1777, Time: 00:04:20

Health: 0/59       AC:  4    Str: 25    XL:     6   Next: 18%
Magic:  5/5        EV: 10    Int:  6    God:    Wu Jian [......]
Gold:   69         SH:  0    Dex:  9    Spells: 5/5 levels left

rFire   . .          .
                       - Unarmed
rCold   . . .        (no shield)
rNeg    . . .        a - +0 animal skin
rPois   .            (helmet currently unavailable)
rElec   .            (cloak currently unavailable)
rCorr   .            (gloves unavailable)
SInv    .            (boots unavailable)
Will    .....        (no amulet)
Stlth   +            (no ring)
HPRegen 1.09/turn    (no ring)
MPRegen 0.09/turn

%: no passive effects
@: beast-form
A: beast (slay +2), large, unfitting armour, claws 3, regeneration 1, shaggy fur
1, tough skin 1
a: Begin Untransformation, Renounce Religion


You were on level 3 of the Dungeon.
You worshipped Wu Jian.
Wu Jian was noncommittal.
You were a hulking beast.
You visited 1 branch of the dungeon, and saw 3 of its levels.

You collected 118 gold pieces.
You spent 49 gold pieces at shops.

Inventory:

Missiles
 p - a throwing net
Armour
 a - a +0 animal skin (worn)
Talismans
 c - a beast talisman (active)
 d - a flux talisman
Wands
 k - a wand of digging (7)
Scrolls
 e - 2 scrolls of teleportation {unknown}
 g - a scroll of identify {unknown}
 h - a scroll of blinking {unknown}
 i - 3 scrolls of immolation {unknown}
 m - a scroll of fear {unknown}
Potions
 b - 2 potions of lignification
 f - a potion of brilliance {unknown}
 j - a potion of heal wounds {unknown}
 l - a potion of invisibility {unknown}
 o - a potion of haste {unknown}


   Skills:
 + Level 2.5 Fighting
 + Level 2.9 Dodging
 + Level 4.3 Unarmed Combat
 + Level 4.1 Shapeshifting


You had 5 spell levels left.
You didn't know any spells.
Your spell library contained the following spells:

 Spells                   Type           Power      Damage    Failure   Level
 Sublimation of Blood     Necr           0%         N/A       58%         2
 Wereblood                Tmut           0%         N/A       58%         2
 Summon Hydra             Summ           0%         N/A       100%        7


Dungeon Overview and Level Annotations

Branches:
Dungeon (3/15)

Altars:
Wu Jian

Shops:
D:2 ![(![

Annotations:
D:3 1 runed translucent door, Crazy Yiuf


Innate Abilities, Weirdness & Mutations

You are a hulking beast.
Your limbs bulge with bestial killing power. (Slay +2)
You are too large for most types of armour.
You have claws for hands.
Your natural rate of healing is unusually fast.
You are covered in fur. (AC +1)
You have tough skin. (AC +1)


Message History

You are too injured to fight recklessly!
You are too injured to fight recklessly!
You are too injured to fight recklessly!
You are too injured to fight recklessly!
You are too injured to fight recklessly!
You are too injured to fight recklessly!
You are too injured to fight recklessly!
You are too injured to fight recklessly!
You are too injured to fight recklessly!
You are too injured to fight recklessly!
You are too injured to fight recklessly!
You are too injured to fight recklessly!
You are too injured to fight recklessly!
You scratch the gnoll.
The gnoll is severely wounded.
The gnoll closely misses you. x2
You claw the gnoll!
You kill the gnoll!
The Council accepts your kill. The gnoll hits you but does no damage.
The gnoll attacks as it pursues you!
The gnoll hits you from afar with a +0 spear!
You feel better.
The gnoll hits you from afar with a +0 spear.
The gnoll barely misses you.
You lunge at the gnoll.
You claw the gnoll!
The gnoll is severely wounded.
The gnoll barely misses you. The gnoll hits you with a +0 spear.
The gnoll sergeant closely misses you.
You completely miss the gnoll.
The gnoll is severely wounded.
The gnoll hits you with a +0 spear!
* * * LOW HITPOINT WARNING * * *
The gnoll closely misses you.
You barely miss the gnoll.
The gnoll is severely wounded.
The gnoll sergeant hits you with a +1 heavy trident!
* * * LOW HITPOINT WARNING * * *
The gnoll hits you with a +0 spear.
You die...

#####.# #...#
# ##.....#
###### #
#..#####
#....# # #.##
♣♣♣♣ ##...###
##.# ♣...
#...... #..#
♣♣..# #...##.
#.##♣♣♣.?..# .
##..##.
#.#♣♣).g.♣.#..
#.###.
#..$..hg...'..
#.# #.
###♣♣).g♣..#..
#.# #.
♣♣♣....#..
##.#### ♣♣..#
#.....# ♣)..
#.###.# ♣♣♣♣
#.# #..
#.###†#
#)....#
#######


You could see a gnoll sergeant and 2 gnolls.

Vanquished Creatures
  3 jellies (D:2)
  11 gnolls
  3 adders
  4 worms
  8 bats
  16 endoplasms
  A giant cockroach (D:3)
  4 goblins
  6 hobgoblins
  4 quokkas
  6 ball pythons
  A frilled lizard (D:1)
  11 kobolds
  5 rats
83 creatures vanquished.

Notes
Turn   | Place    | Note
-------+----------+-------------------------------------------
     0 | D:1      | senseless the Troll Shapeshifter began the quest for the
                  | Orb.
     0 | D:1      | Reached XP level 1. HP: 18/18 MP: 0/0
    44 | D:1      | Reached skill level 1 in Fighting
    44 | D:1      | Reached XP level 2. HP: 27/27 MP: 1/1
   413 | D:1      | Reached XP level 3. HP: 33/33 MP: 2/2
   827 | D:2      | Reached XP level 4. HP: 41/42 MP: 3/3
   853 | D:2      | Reached XP level 5. HP: 27/49 MP: 4/4
   970 | D:2      | Found Aneff's Antique Armour Boutique.
  1012 | D:2      | Found Xomm's Distillery.
  1033 | D:2      | Bought a potion of degeneration for 10 gold pieces
  1039 | D:2      | Found Nalikunt's Antique Weapon Boutique.
  1143 | D:2      | Found Ajeikhes's Distillery.
  1150 | D:2      | Bought a potion of curing for 39 gold pieces
  1160 | D:2      | Found Mubigrio's Armour Shoppe.
  1173 | D:2      | Found an ornate altar of the Wu Jian Council.
  1184 | D:2      | Became a worshipper of the Wu Jian Council
  1557 | D:3      | Reached XP level 6. HP: 59/59 MP: 5/5
  1579 | D:3      | Found a runed translucent door.
  1580 | D:3      | Noticed Crazy Yiuf
  1777 | D:3      | Slain by a gnoll

Illustrated notes

Levels and vault maps discovered:
D:1:      lightli_arrival_chessboard, layout_loops_ring, minmay_statues_item,
          item_on_display_a
D:2:      cheibrodos_fertilizer, layout_rooms, basic_altar, serial_shops,
          nicolae_shop_crystal, shop, nicolae_shop_tiny_waterfront, shop,
          nicolae_shop_pleasant_corner_grove
D:3:      layout_loops_cross, pf_guarded_unrand_woodcutter,
          uniq_crazy_yiuf_cottage

Skill      XL: |  1  2  3  4  5 |
---------------+----------------+-----
Fighting       | 1 2 |  2.5
Dodging        | 2 |  2.9
Unarmed Combat | 4 |  4.3
Shapeshifting  | 4 |  4.1

Action                     |  1- 3 |  4- 6 || total
---------------------------+-------+-------++-------
  Melee: Unarmed           |    96 |    98 ||   194
         Punch             |     1 |     1 ||     2
Ability: Lunge             |       |     7 ||     7
    Use: Potion            |       |     1 ||     1
   Stab: Sleeping          |     1 |       ||     1
 Armour: Animal skin       |    71 |    52 ||   123
  Dodge: Dodged            |    60 |    56 ||   116

Table legend: (Time is in decaauts)
 A = Elapsed time spent in this place.
 B = Non-inter-level travel time spent in this place.
 C = Inter-level travel time spent in this place.
 D = Time resting spent in this place.
 E = Time spent auto-exploring this place.
 F = Levels seen in this place.
 G = Mean time per level.
                   A        B        C        D        E       F      G
               +--------+--------+--------+--------+--------+-----+--------+
         Total |   1764 |   1737 |     27 |      0 |   1354 |   3 |  588.0 |
       Dungeon |   1764 |   1737 |     27 |      0 |   1354 |   3 |  588.0 |
               +--------+--------+--------+--------+--------+-----+--------+

Top non-repeatable levels by time:
     D:1: 669 daAuts
     D:3: 580 daAuts
     D:2: 514 daAuts
